 Dungeon Crawl Stone Soup version 0.31-a0-636-ge1c0e020e0 (webtiles) character file.

Game seed: 10487498968264623313

93 Ruri the Digger (level 4, -8/27 HPs)
             Began as an Octopode Earth Elementalist on Aug 26, 2023.
             Killed by nerve-wracking pain
             ... invoked by Grinder
              (9 damage)
             ... while paralysed by Grinder
             ... on level 4 of the Dungeon.
             The game lasted 00:23:35 (2976 turns).

Ruri the Digger (Octopode Earth Elementalist)       Turns: 2976, Time: 00:23:36

Health: -8/27      AC:  1    Str:  9    XL:     4   Next: 62%
Magic:  2/8        EV:  2    Int: 17    God:
Gold:   180        SH:  0    Dex: 12    Spells: 7/8 levels left

rFire   . . .        b - +3 dagger (drain)
rCold   . . .        (no shield)
rNeg    . . .        (helmet restricted)
rPois   .            (no amulet)
rElec   .            (no ring)
rCorr   .            (no ring)
SInv    .            (no ring)
Will    .....        (no ring)
Stlth   +++          (no ring)
HPRegen 0.24/turn    (no ring)
MPRegen 0.11/turn    (no ring)
                     (no ring)

%: no passive effects
@: paralysed
A: almost no armour, amphibious, 8 rings, camouflage 1, gelatinous body 1,
(nimble swimmer 1), tentacles
a: no special abilities


You were on level 4 of the Dungeon.
You visited 1 branch of the dungeon, and saw 4 of its levels.

You collected 180 gold pieces.

Inventory:

Hand Weapons
 b - a +3 dagger of draining (weapon)
 n - the +7 spear "Faareen" {heavy, rElec SInv}
   (You found it on level 3 of the Dungeon)

   rElec:     It insulates you from electricity.
   SInv:      It lets you see invisible.
Armour
 c - the orb of Ceb Ugeb {guile, Str+7}
   (You found it on level 2 of the Dungeon)

   Str+7:     It affects your strength (+7).
Magical Staves
 j - a staff of cold
Scrolls
 e - 2 scrolls of noise
 f - a scroll of butterflies {unknown}
 g - 5 scrolls of teleportation {unknown}
 i - 2 scrolls of enchant weapon {unknown}
 l - 2 scrolls of enchant armour {unknown}
 m - a scroll of blinking {unknown}
 p - 4 scrolls of identify
 q - a scroll of revelation {unknown}
Potions
 a - a potion of magic
 h - 2 potions of might
 k - 2 potions of lignification {unknown}
 o - a potion of brilliance {unknown}
 r - 2 potions of haste {unknown}


   Skills:
 + Level 2.5 Dodging
 + Level 3.5 Stealth
 + Level 2.7 Spellcasting
 + Level 1.7 Transmutations
 + Level 3.7 Earth Magic


You had 7 spell levels left.
You knew the following spells:

 Your Spells              Type           Power      Damage    Failure   Level
a - Sandblast             Erth           30%        2d9       3%          1

Your spell library contained the following spells:

 Spells                   Type           Power      Damage    Failure   Level
 Passwall                 Tmut/Erth      9%         N/A       9%          2
 Magic Dart               Conj           8%         1d3       19%         1
 Searing Ray              Conj           4%         2d4       26%         2
 Stone Arrow              Conj/Erth      16%        3d8       26%         3
 Petrify                  Tmut/Erth      11%        N/A       50%         4
 Fulminant Prism          Conj/Hex       1%         3d5       87%         4


Dungeon Overview and Level Annotations

Branches:
Dungeon (4/15)
 Temple: D:4-7

Altars:
Ashenzari
Wu Jian

Annotations:
D:2 Sigmund
D:4 Edmund, Grinder


Innate Abilities, Weirdness & Mutations

You cannot wear most types of armour.
You are amphibious.
You can wear up to eight rings at the same time.
Your skin changes colour to match your surroundings (Stealth+).
Your rubbery body absorbs attacks. (AC +1, EV +1)
((You are camouflaged when in or above water. (Stealth+)))
You have tentacles for arms and can constrict up to eight enemies at once.


Message History

Grinder blinks!
Aiming: Sandblast (safe; 3% risk of failure)
Press: ? - help, Q - select action Shift-Dir - straight line, f/p - Grinder
Aim: Grinder (moderately wounded, 80% to hit)
The blast of sand hits Grinder.
Grinder is moderately wounded.
Grinder hits you!
You writhe in agony.
Aiming: Sandblast (safe; 3% risk of failure)
Press: ? - help, Q - select action Shift-Dir - straight line, f/p - Grinder
Aim: Grinder (moderately wounded, 80% to hit)
The blast of sand hits Grinder but does no damage.
Grinder is moderately wounded.
Grinder closely misses you. Grinder gestures at you.
Pain shoots through your body!
Aiming: Sandblast (safe; 3% risk of failure)
Press: ? - help, Q - select action Shift-Dir - straight line, f/p - Grinder
Aim: Grinder (moderately wounded, 80% to hit)
The blast of sand hits Grinder.
Grinder is heavily wounded.
Grinder hits you!
* * * LOW HITPOINT WARNING * * *
You writhe in agony.
* * * LOW HITPOINT WARNING * * *
Aiming: Sandblast (safe; 3% risk of failure)
Press: ? - help, Q - select action Shift-Dir - straight line, f/p - Grinder
Aim: Grinder (heavily wounded, 80% to hit)
The blast of sand hits Grinder!
Grinder is severely wounded.
Grinder barely misses you. Grinder gestures at you.
You suddenly lose the ability to move!
Grinder gestures at you.
You barely resist. Grinder hits you.
* * * LOW HITPOINT WARNING * * *
Grinder gestures at you. Pain shoots through your body!
You die...
Grinder says, "Now the real fun starts!"

....@...... #...... ..........
#.....# #........ #.....#
#....<.<. #.....# ....#......).
#?....##....#........
#.....##...##..[....†
#.....##...##........ ..
...##..5@.##....#........ ..
...##.....##....#........
#......##..##...........#........
#......##..##...........#........
#..........#########....#........
#..........##.....##...##........
#......##..##.....##...##.....[..
#......##..##...........#........
#.......................#........


You could see Grinder.

Vanquished Creatures
  5 adders
  A worm (D:2)
  3 orcs
  9 ball pythons
  5 endoplasms
  A giant cockroach (D:2)
  2 goblins (D:1)
  A hobgoblin (D:1)
  A jackal (D:2)
  A quokka (D:2)
  8 bats
  4 frilled lizards (D:1)
  A kobold (D:2)
  6 rats
48 creatures vanquished.

Notes
Turn   | Place    | Note
-------+----------+-------------------------------------------
     0 | D:1      | Ruri the Octopode Earth Elementalist began the quest for
                  | the Orb.
     0 | D:1      | Reached XP level 1. HP: 11/11 MP: 3/3
   237 | D:1      | Reached XP level 2. HP: 17/17 MP: 3/5
   869 | D:2      | Noticed Sigmund
   930 | D:2      | Reached XP level 3. HP: 21/21 MP: 0/6
  1495 | D:2      | Identified the orb of Ceb Ugeb {guile, Str+7}
  1961 | D:3      | Identified the +7 spear "Faareen" {heavy, rElec SInv}
  2059 | D:3      | Found a broken altar of Ashenzari.
  2245 | D:3      | Reached XP level 4. HP: 27/27 MP: 4/7
  2722 | D:4      | Noticed Edmund
  2764 | D:4      | Noticed a scorpion
  2788 | D:4      | Found an ornate altar of the Wu Jian Council.
  2964 | D:4      | Noticed Grinder
  2973 | D:4      | Paralysed by Grinder for 5 turns
  2975 | D:4      | HP: 1/27 [Grinder (2)]
  2976 | D:4      | Killed from afar by Grinder

Illustrated notes

Levels and vault maps discovered:
D:1:      minmay_arrival_wavy_path, layout_loops_ring
D:2:      minmay_inner_zag, layout_rooms, fountainhead, uniq_sigmund
D:3:      layout_loops_corners, nicolae_overflow_hidden_temple
D:4:      layout_gridville, mainiacjoe_overflow_boulevard, uniq_grinder,
          uniq_edmund

Skill      XL: |  1  2 |
---------------+-------+-----
Stealth        | 3 |  3.5
Dodging        | |  2.5
Spellcasting   | |  2.7
Transmutations | |  1.7
Earth Magic    | |  3.7

Action                     |  1- 3 |  4- 6 || total
---------------------------+-------+-------++-------
  Melee: Dagger            |     3 |     1 ||     4
   Cast: Sandblast         |    53 |    26 ||    79
    Use: Scroll            |     3 |       ||     3
         Potion            |       |     1 ||     1
 Armour: Skin              |     3 |       ||     3
  Dodge: Dodged            |    14 |     9 ||    23

Table legend: (Time is in decaauts)
 A = Elapsed time spent in this place.
 B = Non-inter-level travel time spent in this place.
 C = Inter-level travel time spent in this place.
 D = Time resting spent in this place.
 E = Time spent auto-exploring this place.
 F = Levels seen in this place.
 G = Mean time per level.
                   A        B        C        D        E       F      G
               +--------+--------+--------+--------+--------+-----+--------+
         Total |   3014 |   2886 |    128 |    365 |   2023 |   4 |  753.5 |
       Dungeon |   3014 |   2886 |    128 |    365 |   2023 |   4 |  753.5 |
               +--------+--------+--------+--------+--------+-----+--------+

Top non-repeatable levels by time:
     D:2: 1053 daAuts
     D:3: 888 daAuts
     D:1: 807 daAuts
     D:4: 265 daAuts
